 Dungeon Crawl Stone Soup version 0.26-a0-690-gcb57259078 (webtiles) character file.

Game seed: 4206498993456423318

113 vortex the Firebug (level 4, 0/26 HPs)
             Began as a Deep Elf Fire Elementalist on Oct 24, 2020.
             Slain by a giant cockroach (2 damage)
             ... on level 3 of the Dungeon.
             The game lasted 00:06:25 (3095 turns).

vortex the Firebug (Deep Elf Fire Elementalist)     Turns: 3095, Time: 00:06:26

Health: 0/26       AC:  0    Str:  5    XL:     4   Next: 65%
Magic:  4/11       EV: 13    Int: 21    God:
Gold:   96         SH:  5    Dex: 15    Spells: 9/10 levels left

rFire    . . .     SeeInvis .   c - +0 dagger
rCold    . . .     Faith    .   (no shield)
rNeg     . . .     Spirit   .   a - +0 robe
rPois    .         Reflect  +   (no helmet)
rElec    .         Harm     .   f - +0 cloak
rCorr    .         Rampage  .   q - +0 pair of gloves
MR       .....                  (no boots)
Stlth    ++........             h - amulet of reflection
HPRegen  0.08/turn              p - -4 ring of protection (curse)
MPRegen  0.12/turn              (no ring)

@: no status effects
A: no striking features
a: no special abilities


You were on level 3 of the Dungeon.
You visited 1 branch of the dungeon, and saw 3 of its levels.

You collected 96 gold pieces.

Inventory:

Hand Weapons
 c - a +0 dagger (weapon)
Missiles
 r - 7 poisoned darts (quivered)
Armour
 a - a +0 robe (worn)
 f - a +0 cloak (worn)
 q - a +0 pair of gloves (worn)
Jewellery
 h - an amulet of reflection (around neck)
 p - a cursed -4 ring of protection (left hand)
Scrolls
 j - 3 scrolls of fog
 l - a scroll of magic mapping {unknown}
 o - 2 scrolls of enchant weapon {unknown}
Potions
 b - 3 potions of flight {unknown}
 d - 2 potions of haste {unknown}
 e - a potion of mutation
 g - 4 potions of berserk rage {unknown}
 i - a potion of curing
 k - 2 potions of might {unknown}
 m - a potion of cancellation
 n - 2 potions of stabbing {unknown}
 s - a potion of invisibility {unknown}
 t - a potion of magic {unknown}


   Skills:
 * Level 2.0 Fighting
 + Level 3.2 Dodging
 - Level 2.4 Stealth
 + Level 3.6 Spellcasting
 + Level 2.1 Conjurations
 + Level 3.9 Fire Magic


You had 9 spell levels left.
You knew the following spells:

 Your Spells              Type           Power        Failure   Level
a - Foxfire               Conj/Fire      ###.         3%          1

Your spell library contained the following spells:

 Spells                   Type           Power        Failure   Level
 Conjure Flame            Conj/Fire      ###.....     11%         3
 Inner Flame              Hex/Fire       ##......     17%         3
 Sticky Flame             Conj/Fire      ###.....     34%         4
 Fireball                 Conj/Fire      ###.......   69%         5


Dungeon Overview and Level Annotations

Branches:
Dungeon (3/15)

Altars:

Annotations:
D:3 Natasha


Message History

Natasha is moderately wounded.
Natasha misses you. The ooze hits you.
Casting: Foxfire (safe; 3% risk of failure)
Confirm with . or Enter, or press ? or * to list all spells.
You conjure some foxfire!
The foxfire hits Natasha.
Natasha is severely wounded.
The foxfire hits the ooze but does no damage.
The ooze is moderately wounded.
The giant cockroach bites you. The bat closely misses you. Natasha claws you.
The giant cockroach misses you. The ooze closely misses you.
Casting: Foxfire (safe; 3% risk of failure)
Confirm with . or Enter, or press ? or * to list all spells.
You conjure some foxfire!
The foxfire hits the bat.
You kill the bat!
The foxfire hits Natasha.
Natasha is almost dead.
The crimson imp closely misses you. Natasha claws you!
* * * LOW HITPOINT WARNING * * *
The giant cockroach bites you.
You die...

#####..............
##.####
..#...####...#####. #.#
#.#.### ##.## .# #.#
#...# ### #.# #.# ##.##
#.# #.######. #.#
#########.# #........
#.# #.........#
#.######. #.#
#.......v.######.## #.#
#.....†@h.........#####.
#.#
#.....BJ55######†.......
#.#
#.............5..######.
#.#
#.........######.######.
#.#######.........#
#....5...
#.<...............#
########.
#########.........#
###########


You could see Natasha, a crimson imp (summoned), an ooze, a shadow imp
(summoned) and a giant cockroach.

Vanquished Creatures
  3 adders (D:2)
  5 worms
  3 leopard geckos
  An orc (D:3)
  A ball python (D:2)
  10 bats
  3 giant cockroaches
  7 goblins
  9 hobgoblins
  8 jackals (D:2)
  3 frilled lizards
  6 kobolds
  3 rats (D:1)
62 creatures vanquished.

Vanquished Creatures (others)
  273 foxfires
273 creatures vanquished.

Grand Total: 335 creatures vanquished

Notes
Turn   | Place    | Note
-------+----------+-------------------------------------------
     0 | D:1      | vortex the Deep Elf Fire Elementalist began the quest for
                  | the Orb.
     0 | D:1      | Reached XP level 1. HP: 10/10 MP: 6/6
   253 | D:1      | Reached XP level 2. HP: 16/16 MP: 4/8
   770 | D:1      | Reached skill level 1 in Fighting
  1110 | D:2      | Reached XP level 3. HP: 20/20 MP: 3/9
  2029 | D:2      | Reached XP level 4. HP: 25/25 MP: 3/11
  3068 | D:3      | Noticed Natasha
  3095 | D:3      | Slain by a giant cockroach

Illustrated notes

Levels and vault maps discovered:
D:1:      dpeg_arrival_oval, layout_loops_ring
D:2:      wad_pebble_path, layout_basic, corner_web_ring
D:3:      layout_loops_ring, uniq_natasha

Skill      XL: |  1  2  3  4 |
---------------+-------------+-----
Fighting       | 1 2 |  2.0
Dodging        | 3 |  3.2
Conjurations   | 2 |  2.1
Stealth        | |  2.4
Spellcasting   | |  3.6
Fire Magic     | |  3.9

Action                   |  1- 3 |  4- 6 || total
-------------------------+-------+-------++-------
Melee: Dagger            |    13 |     1 ||    14
 Cast: Foxfire           |   114 |    56 ||   170
  Use: Scroll            |     7 |       ||     7
 Stab: Sleeping          |       |     1 ||     1
Armor: Robe              |     6 |       ||     6
Dodge: Dodged            |    16 |    11 ||    27
Block: Other             |     2 |     1 ||     3

Table legend: (Time is in decaauts)
 A = Elapsed time spent in this place.
 B = Non-inter-level travel time spent in this place.
 C = Inter-level travel time spent in this place.
 D = Time resting spent in this place.
 E = Time spent auto-exploring this place.
 F = Levels seen in this place.
 G = Mean time per level.
                   A        B        C        D        E       F      G
               +--------+--------+--------+--------+--------+-----+--------+
         Total |   3092 |   3019 |     73 |      0 |   2624 |   3 | 1030.7 |
       Dungeon |   3092 |   3019 |     73 |      0 |   2624 |   3 | 1030.7 |
               +--------+--------+--------+--------+--------+-----+--------+

Top non-repeatable levels by time:
     D:2: 1533 daAuts
     D:1: 1104 daAuts
     D:3: 454 daAuts
